 Dungeon Crawl Stone Soup version 0.28.0-53-g5a82cb258f (webtiles) character file.

Game seed: 2273321665541822944

9 Faeu the Insei (level 2, -2/22 HPs)
             Began as a Djinni Transmuter on May 30, 2022.
             Slain by a gnoll
             ... wielding a +0 spear
              (6 damage)
             ... on level 1 of the Dungeon.
             The game lasted 00:01:00 (790 turns).

Faeu the Insei (Djinni Transmuter)                   Turns: 790, Time: 00:01:01

Health: -2/22      AC:  8    Str:  9    XL:     2   Next: 25%
Gold:   16         EV:  4    Int: 14    God:
                   SH:  0    Dex: 13

rFire   + + .      SeeInvis .     - Unarmed
rCold   x . .      Faith    .   (no shield)
rNeg    . . .      Spirit   .   d - +0 chain mail
rPois   ∞          Reflect  .   (no helmet)
rElec   .          Harm     .   (no cloak)
rCorr   .          Rampage  .   (no gloves)
Will    .....                   (boots unavailable)
Stlth   ..........              (no amulet)
HPRegen 0.07/turn               (no ring)
MPRegen 0.00/turn               (no ring)

@: flying
A: sickness immunity, fire resistance 2, cold vulnerability 1, float, innate
caster, HP casting, extra vitality 1
a: no special abilities


You were on level 1 of the Dungeon.
You visited 1 branch of the dungeon, and saw 1 of its levels.

You collected 16 gold pieces.


Innate Abilities, Weirdness & Mutations

You are immune to sickness and miasma.
You are immune to poison.
Your flesh is very heat resistant. (rF++)
You are vulnerable to cold. (rC-)
You float through the air rather than walking.
You learn spells naturally, not from books.
Your magical power is your life essence.
You have superior vitality. (+4 MHP)


   Skills:
 + Level 1.6 Fighting
 - Level 2.1 Dodging
 + Level 3.3 Unarmed Combat
 - Level 1.5 Spellcasting


You couldn't memorise any spells.
You knew the following spells:

 Your Spells              Type           Power      Damage    Failure   Level
a - Beastly Appendage     Tmut           10%        N/A       100%        1
b - Wereblood             Tmut           5%         N/A       100%        2
c - Spider Form           Tmut/Pois      5%         N/A       100%        3
d - Ice Form              Ice/Tmut       5%         N/A       100%        4
Your spell library was empty.

Inventory:

Missiles
 b - 3 poisoned darts {throwing}
 c - 19 stones {throwing}
 f - 18 sling bullets
Armour
 a - a +0 robe
 d - a +0 chain mail (worn)
   (You found it on level 1 of the Dungeon)
Scrolls
 e - a scroll of immolation {unknown}

Dungeon Overview and Level Annotations

Branches:
Dungeon (1/15)

Altars:

###.# ##.##
#.....#.# ....# #.#
####...## ##### #.#
##.## # ##+# #.# #
#...# #.# # .....#
####.# #### ......#
##.##.# ...#
.......####...#.###
##..+
.......gg@.....#..#
##
.......####...###.##
......# ##.## ##.# .
.....# ##.###.### .#
#...# #..#....# .#
##+# ###.###.# #
............#
##########..# .#


You could see a gnoll and a goblin.


Message History

You take 2 damage, and now have 14/17 hp.
You barely miss the rat. The rat bites you but does no damage.
You barely miss the rat. The rat bites you but does no damage.
You hit the rat.
You kill the rat!
You miscast Beastly Appendage.
Nothing appears to happen. 😕 HP[-1]
You take 1 damage, and now have 13/17 hp.
A quokka comes into view.
The quokka moves out of view. 😕 HP[+1]
A quokka is nearby!
The quokka bites you but does no damage.
You closely miss the quokka.
The quokka bites you but does no damage.
You hit the quokka.
You kill the quokka!
You have reached level 2! 😕 HP[+4]
You now have 22 max hp (+5).
You regained 4 hp, and now have 18/22 hp.
You see here a quokka corpse.
Your magical contamination has completely faded away.
e - a scroll labelled ONWORITYID No target in view! 😎 HP[+4]
f - 18 sling bullets A quokka comes into view.
The quokka barely misses you.
You hit the quokka.
The quokka bites you but does no damage. x2
You barely miss the quokka. The quokka barely misses you.
You hit the quokka.
The quokka bites you but does no damage.
You barely miss the quokka.
The quokka bites you but does no damage.
You hit the quokka but do no damage. The quokka bites you. 😕 HP[-2]
You take 2 damage, and now have 20/22 hp.
You barely miss the quokka.
The quokka bites you but does no damage.
You barely miss the quokka.
The quokka bites you but does no damage.
You hit the quokka.
You kill the quokka!
A quokka comes into view. 😎 HP[+2]
The quokka bites you but does no damage.
You hit the quokka.
The quokka bites you but does no damage. x2
You hit the quokka but do no damage.
The quokka bites you but does no damage.
You hit the quokka.
You kill the quokka!
You see here a quokka corpse.
There is a stone staircase leading down here.
A rat comes into view.
The rat bites you but does no damage.
You barely miss the rat. The rat bites you but does no damage.
You barely miss the rat. The rat bites you but does no damage.
You hit the rat.
You kill the rat!
You reach down and open the door.
A goblin and a gnoll come into view.
The gnoll shouts!
There is an open door here.
The gnoll hits you from afar with a +0 spear. 😕 HP[-1]
You take 1 damage, and now have 21/22 hp.
The gnoll completely misses you.
You completely miss the gnoll.
The gnoll hits you with a +0 spear. 😮 HP[-5]
You take 5 damage, and now have 16/22 hp.
MASSIVE DAMAGE!! (PAUSE)
You closely miss the gnoll. The gnoll hits you with a +0 spear.
* * * LOW HITPOINT WARNING * * *
😨 HP[-5]
You take 5 damage, and now have 11/22 hp.
MASSIVE DAMAGE!! (PAUSE)
You barely miss the gnoll. The gnoll hits you with a +0 spear.
* * * LOW HITPOINT WARNING * * *
You hit the gnoll.
The gnoll hits you but does no damage. 😨 HP[-2]
You take 2 damage, and now have 9/22 hp.
You completely miss the gnoll. The gnoll hits you with a +0 spear.
* * * LOW HITPOINT WARNING * * *
You hit the gnoll. The gnoll hits you but does no damage.
You barely miss the gnoll.
The gnoll hits you but does no damage. 😨 HP[-1]
You take 1 damage, and now have 8/22 hp.
You hit the gnoll. The gnoll hits you with a +0 spear.
* * * LOW HITPOINT WARNING * * *
You hit the gnoll but do no damage. You hit the gnoll.
The gnoll hits you but does no damage.
You closely miss the gnoll. The gnoll hits you with a +0 spear.
* * * LOW HITPOINT WARNING * * *
You closely miss the gnoll. The gnoll barely misses you.
You hit the gnoll but do no damage. The gnoll hits you with a +0 spear.
You die...

Action                   || total
-------------------------++-------
Melee: Unarmed           ||    46
Armor: Chain mail        ||    21
Dodge: Dodged            ||    12

Levels and vault maps discovered:
D:1:      evilmike_arrival_rings, layout_loops_corners,
          shapermc_ecumenical_altar_mp_urbaneastern

Notes
Turn   | Place    | Note
-------+----------+-------------------------------------------
     0 | D:1      | Faeu the Djinni Transmuter began the quest for the Orb.
     0 | D:1      | Reached XP level 1. HP: 17/17 MP: 0/0
     0 | D:1      | magus.rc [v1.9.6]
   546 | D:1      | Reached XP level 2. HP: 18/22 MP: 0/0
   788 | D:1      | HP: 4/22 [gnoll/+0 spear (2)]
   790 | D:1      | Slain by a gnoll

Vanquished Creatures
  A goblin (D:1)
  4 quokkas (D:1)
  A kobold (D:1)
  3 rats (D:1)
9 creatures vanquished.

Table legend:
 A = Non-vault XP
 B = Vault XP
 C = Vault XP percentage of total XP
 D = Non-vault monster count
 E = Vault monster count
 F = Vault count percentage of total count
                 A         B        C        D         E       F
            +---------+---------+-------+---------+---------+-------
      Total |      14 |       0 |   0.0 |       9 |       0 |   0.0
            +---------+---------+-------+---------+---------+-------
        D:1 |      14 |       0 |   0.0 |       9 |       0 |   0.0
            +---------+---------+-------+---------+---------+-------

Illustrated notes

Table legend:
 A = Kills in this place as a percentage of kills in entire the game.
 B = Kills by you in this place as a percentage of kills by you in the entire game.
 C = Kills by friends in this place as a percentage of kills by friends in the entire game.
 D = Other kills in this place as a percentage of other kills in the entire game.
 E = Experience gained in this place as a percentage of experience gained in the entire game.
 F = Experience gained in this place divided by the number of levels of this place that you have seen.
                   A       B       C       D       E      F
               +-------+-------+-------+-------+-------+----------------------
         Total | 100.0 | 100.0 |   N/A |   N/A | 100.0 |  14.0
       Dungeon | 100.0 | 100.0 |   N/A |   N/A | 100.0 |  14.0
               +-------+-------+-------+-------+-------+----------------------

Table legend: (Time is in decaauts)
 A = Elapsed time spent in this place.
 B = Non-inter-level travel time spent in this place.
 C = Inter-level travel time spent in this place.
 D = Time resting spent in this place.
 E = Time spent auto-exploring this place.
 F = Levels seen in this place.
 G = Mean time per level.
                   A        B        C        D        E       F      G
               +--------+--------+--------+--------+--------+-----+--------+
         Total |    787 |    787 |      0 |      0 |    641 |   1 |  787.0 |
       Dungeon |    787 |    787 |      0 |      0 |    641 |   1 |  787.0 |
               +--------+--------+--------+--------+--------+-----+--------+

Top non-repeatable levels by time:
     D:1: 787 daAuts
